Heat vs Rampage
Created - Thursday, January 30, 2025 at 22:18
Goals
|
Heat |
3 |
1 |
2 |
6 |
Rampage |
0 |
3 |
0 |
3 |
|
Shots
|
Heat |
14 |
9 |
9 |
32 |
Rampage |
5 |
13 |
18 |
36 |
|
1st period
1. Heat , John Klingberg 14 (Max McCormick 13, Chris Terry 12) at 2:51
2. Heat , Max McCormick 13 (Andrew Agozzino 16) at 7:23
3. Heat , Jiri Kulich 21 (Mike Reilly 34, Georgi Merkulov 24) at 19:11 (PP)
Penalties :
Max Sasson (SAR) for High sticking (Minor) at 0:30, Nathan Walker (STO) for Hooking (Minor) at 7:34, Dawson Barteaux (SAR) for Interference (Minor) at 10:29, Max Sasson (SAR) for Hooking (Minor) at 13:15, Marcus Bjork (STO) for Cross-checking (Minor) at 13:15, Victor Soderstrom (SAR) for Tripping (Minor) at 18:13, Alex Green (SAR) for Hooking (Minor) at 18:16
2nd period
4. Heat , Ryan Johnson 2 (Jayson Megna 33, Nathan Walker 22) at 1:09 (PP)
5. Rampage , Dawson Barteaux 5 (Ryan Suzuki 23, Lucas Johansen 28) at 3:28 (PP)
6. Rampage , Dawson Barteaux 6 (Ryan Suzuki 24) at 5:53 (PP)
7. Rampage , Cole Koepke 17 (Hudson Fasching 27, Victor Soderstrom 30) at 17:56
Penalties :
Alex Green (SAR) for Delaying the game (Minor) at 0:33, Georgi Merkulov (STO) for Slashing (Minor) at 2:03, Chris Terry (STO) for Tripping (Minor) at 4:09, Max McCormick (STO) for Interference (Minor) at 10:20, John Klingberg (STO) for Tripping (Minor) at 18:50
3rd period
8. Heat , Josh Doan 27 (Ben Gleason 1) at 2:49
9. Heat , Jiri Kulich 22 (John Klingberg 45, Sam Gagner 19) at 16:12
Penalties :
Victor Soderstrom (SAR) for High sticking (Minor) at 6:46, John Klingberg (STO) for Holding (Minor) at 10:45, Ben Gleason (STO) for Cross-checking (Minor) at 10:50
Goalie Stats
Ales Stezka (STO), 33 saves from 36 shots - (0.917), W, 6-2-1, 60:00 minutes
Farm Goalie 1 (SAR), 14 saves from 16 shots - (0.875), 38:51 minutes
Michael Houser (SAR), 12 saves from 16 shots - (0.750), L, 17-15-0, 21:09 minutes
Players Stats for Heat
Player Name G A P +/- PIM S H SB GA TA FO MP PP MP PK MP
------------------------------------------------------------------------------------
Andrew Agozzino 0 1 1 2 0 1 3 2 0 0 14/22 16:37 0:00 5:49
Angus Crookshank 0 0 0 -1 0 1 1 1 0 0 0/1 14:11 0:00 4:49
Anthony Richard 0 0 0 -1 0 0 0 0 0 0 1/1 9:54 0:32 0:00
Ben Gleason 0 1 1 3 2 0 1 0 0 0 0/0 22:33 4:19 3:58
Chris Terry 0 1 1 2 2 1 1 0 0 0 1/3 14:36 0:00 3:49
Georgi Merkulov 0 1 1 1 2 2 2 0 0 0 1/1 13:05 4:00 0:00
Jayson Megna 0 1 1 1 0 3 0 1 0 0 18/22 14:42 4:35 0:00
Jiri Kulich 2 0 2 1 0 2 0 0 0 0 12/17 13:58 4:00 0:00
Joel Hanley 0 0 0 0 0 1 1 2 0 0 0/0 21:06 0:00 6:13
John Klingberg 1 1 2 4 4 4 1 1 0 0 0/0 19:31 4:27 0:05
Josh Doan 1 0 1 1 0 4 0 0 0 0 0/1 15:19 4:34 0:38
Marcus Bjork 0 0 0 0 2 1 4 3 0 0 0/0 16:49 0:08 5:46
Max McCormick 1 1 2 2 2 1 1 0 0 0 0/0 10:48 0:01 0:00
Mike Reilly 0 1 1 -1 0 1 0 0 0 0 0/0 19:48 4:08 1:22
Nathan Walker 0 1 1 1 2 1 1 0 0 0 1/1 13:02 4:03 0:00
Ryan Johnson 1 0 1 0 0 3 0 2 0 0 0/0 20:09 4:08 4:55
Sam Gagner 0 1 1 1 0 5 0 0 0 0 1/1 13:58 4:00 0:00
Tanner Laczynski 0 0 0 -1 0 1 1 0 0 0 18/25 14:43 0:00 5:21
Players Stats for Rampage
Player Name G A P +/- PIM S H SB GA TA FO MP PP MP PK MP
------------------------------------------------------------------------------------
Aaron Ness 0 0 0 -2 0 0 1 0 0 0 0/0 14:05 0:00 1:16
Alex Green 0 0 0 -2 4 0 0 0 0 0 0/0 14:31 0:00 2:22
Anthony Angello 0 0 0 0 0 0 0 0 0 0 0/0 0:00 0:00 0:00
Brad Hunt 0 0 0 1 0 1 2 3 0 0 0/0 25:28 6:19 4:44
Brad Malone 0 0 0 -2 0 2 3 0 0 0 2/2 21:03 4:28 3:10
Caedan Bankier 0 0 0 0 0 0 0 0 0 0 1/3 0:23 0:00 0:22
Cole Koepke 1 0 1 0 0 3 3 0 0 0 6/25 21:59 6:42 0:00
Dawson Barteaux 2 0 2 -2 2 4 0 1 0 0 0/0 20:05 4:51 2:14
Hudson Fasching 0 1 1 0 0 1 0 0 0 0 0/0 15:03 0:00 0:16
Lucas Johansen 0 1 1 -2 0 1 1 1 0 0 0/0 21:10 4:51 3:18
Luke Henman 0 0 0 0 0 0 0 0 0 0 0/0 0:00 0:00 0:00
Max Sasson 0 0 0 0 4 6 1 1 0 0 0/1 14:45 0:00 0:00
Michal Teply 0 0 0 -1 0 2 1 0 0 0 4/10 22:40 6:42 4:25
Rhett Gardner 0 0 0 -1 0 2 3 0 0 0 2/10 10:44 0:00 0:00
Ryan Suzuki 0 2 2 -2 0 7 0 1 0 0 10/29 21:37 4:28 3:35
Ryder Rolston 0 0 0 -2 0 2 0 0 0 0 0/0 17:43 4:28 1:00
Victor Soderstrom 0 1 1 1 4 1 2 2 0 0 0/0 24:20 6:19 2:59
Waltteri Merela 0 0 0 -1 0 4 3 1 0 0 3/15 22:48 6:42 3:43
3 Stars
1 - Jiri Kulich (STO)
2 - John Klingberg (STO)
3 - Max McCormick (STO)
Power Play
Heat - 2 on 6 Attempt(s) - 33.33%
Rampage - 2 on 7 Attempt(s) - 28.57%
Penalty Kill
Heat - 5 on 7 Attempt(s) - 71.43%
- Score 0 goal in Penalty Kill
Rampage - 4 on 6 Attempt(s) - 66.67%
- Score 0 goal in Penalty Kill
Team Stat
Heat - Hits : 17 - Faceoff Wins : 67 - Blocked Shots : 12 - Penalty Minutes : 16
Rampage - Hits : 20 - Faceoff Wins : 28 - Blocked Shots : 10 - Penalty Minutes : 14
Official
Referees : Francis Charron and Wes Mccauley
Linesman : Ryan Jackson and Brandon Gawryletz
Game Notes
Farm Goalie 1 enters game at 1:09 of 2nd period
Finance
Level 1 -- Attendance: 1810 (90.50%) -- Ticket Income $63,350
Level 2 -- Attendance: 917 (91.70%) -- Ticket Income $13,755
Total Attendance: 2727 (90.90%)
Total Ticket Income: $77,105
Other Income: $37,781
Total Income: $114,886
Heat
5 vs 5 Forward
Center Left Wing Right Wing Time % Phy DF OF
1 Jayson Megna Nathan Walker Josh Doan 25 1 2 2
2 Jiri Kulich Georgi Merkulov Sam Gagner 25 1 2 2
3 Tanner Laczynski Angus Crookshank Anthony Richard 25 1 2 2
4 Andrew Agozzino Max McCormick Chris Terry 25 1 2 2
5 vs 5 Defense
Defense Defense Time % Phy DF OF
1 Ben Gleason John Klingberg 34 1 2 2
2 Mike Reilly Joel Hanley 32 1 2 2
3 Ryan Johnson Marcus Bjork 30 1 2 2
4 Joel Hanley John Klingberg 4 1 2 2
PowerPlay Forward
Center Left Wing Right Wing Time % Phy DF OF
1 Jayson Megna Nathan Walker Josh Doan 50 0 0 5
2 Jiri Kulich Georgi Merkulov Sam Gagner 50 0 0 5
PowerPlay Defense
Defense Defense Time % Phy DF OF
1 Ben Gleason John Klingberg 50 0 1 4
2 Mike Reilly Ryan Johnson 50 0 1 4
Penalty Kill 4 Players Forward
Center Wing Time % Phy DF OF
1 Tanner Laczynski Angus Crookshank 50 1 4 0
2 Andrew Agozzino Chris Terry 50 1 4 0
Penalty Kill 4 Players Defense
Defense Defense Time % Phy DF OF
1 Ben Gleason Ryan Johnson 50 1 4 0
2 Joel Hanley Marcus Bjork 50 1 4 0
Penalty Kill - 3 Players Forward
Forward Time % Phy DF OF
1 Tanner Laczynski 50 0 5 0
2 Andrew Agozzino 50 0 5 0
Penalty Kill - 3 Players Defense
Defense Defense Time % Phy DF OF
1 Joel Hanley Marcus Bjork 50 0 5 0
2 Ben Gleason Ryan Johnson 50 0 5 0
4 vs 4 Forward
Center Wing Time % Phy DF OF
1 Jayson Megna Josh Doan 50 1 2 2
2 Jiri Kulich Sam Gagner 50 1 2 2
4 vs 4 Defense
Defense Defense Time % Phy DF OF
1 Ben Gleason Mike Reilly 50 1 2 2
2 Joel Hanley John Klingberg 50 1 2 2
Last Minutes Offensive
Center Left Wing Right Wing Defense Defense
Jayson Megna Nathan Walker Josh Doan Ben Gleason John Klingberg
Last Minutes Defensive
Center Left Wing Right Wing Defense Defense
Jayson Megna Andrew Agozzino Josh Doan Ben Gleason Joel Hanley
Goaltenders
Starting : Ales Stezka
Backup : Connor MurphyG
Extra Forwards
Normal : Anthony Richard, Angus Crookshank, Tanner Laczynski - PP : Anthony Richard, Max McCormick - PK : Josh Doan
Extra Defensemen
Normal : Marcus Bjork, Ryan Johnson, Mike Reilly - PP : Marcus Bjork - PK : Mike Reilly, John Klingberg
Penalty Shots
Jiri Kulich, Max McCormick, Anthony Richard, Georgi Merkulov, Sam Gagner
Custom OT Lines Forwards
Josh Doan, Jayson Megna, Sam Gagner, Nathan Walker, Anthony Richard, Jiri Kulich, Georgi Merkulov, Max McCormick, Tanner Laczynski, Andrew Agozzino
Custom OT Lines Defensemen
John Klingberg, Ben Gleason, Mike Reilly, Joel Hanley, Ryan Johnson
Scratches
Alex Goligoski (Separated Right Shoulder Injury), Cameron Hughes (Healthy), Tristen Robins (Healthy), Tyler Pitlick (Healthy), Alexander Barabanov (Healthy)
John Hayden (Healthy), Ivan Miroshnichenko (Healthy), Zach Dean (Healthy), Tanner Kero (Healthy), Radim Simek (Healthy)
Byron Froese (Healthy), Ben McCartney (Healthy), Cole Reinhardt (Healthy), Stanislav Svozil (Healthy), Lucas Ciona (Healthy)
Farm Player 100 (Healthy), Michael Mersch (Healthy), Filip Roos (Healthy), Valtteri Pulli (Healthy), Ben Jones (Healthy)
Sam Morton (Healthy), Glenn Gawdin (Healthy), Marian Studenic (Healthy), Nolan Stevens (Healthy), Chase Wouters (Healthy)
Danila Klimovich (Healthy), Curtis McKenzie (Healthy), Linus Weissbach (Healthy), Vladislav Kolyachonok (Healthy), Zac Dalpe (Healthy)
Jared McIsaac (Healthy), Jaxson Stauber (Healthy), Georgi Romanov (Healthy), Tomas Suchanek (Healthy)
Rampage
5 vs 5 Forward
Center Left Wing Right Wing Time % Phy DF OF
1 Cole Koepke Hudson Fasching Max Sasson 25 1 2 2
2 Ryan Suzuki Brad Malone Ryder Rolston 25 1 2 2
3 Rhett Gardner Michal Teply Waltteri Merela 25 1 2 2
4 Cole Koepke Ryan Suzuki Waltteri Merela 25 1 2 2
5 vs 5 Defense
Defense Defense Time % Phy DF OF
1 Brad Hunt Victor Soderstrom 25 1 2 2
2 Dawson Barteaux Lucas Johansen 25 1 2 2
3 Aaron Ness Alex Green 25 1 2 2
4 Brad Hunt Victor Soderstrom 25 1 2 2
PowerPlay Forward
Center Left Wing Right Wing Time % Phy DF OF
1 Waltteri Merela Cole Koepke Michal Teply 60 1 2 2
2 Ryan Suzuki Brad Malone Ryder Rolston 40 1 2 2
PowerPlay Defense
Defense Defense Time % Phy DF OF
1 Brad Hunt Victor Soderstrom 60 1 2 2
2 Dawson Barteaux Lucas Johansen 40 1 2 2
Penalty Kill 4 Players Forward
Center Wing Time % Phy DF OF
1 Michal Teply Waltteri Merela 60 1 2 2
2 Ryan Suzuki Brad Malone 40 1 2 2
Penalty Kill 4 Players Defense
Defense Defense Time % Phy DF OF
1 Brad Hunt Victor Soderstrom 60 1 2 2
2 Dawson Barteaux Lucas Johansen 40 1 2 2
Penalty Kill - 3 Players Forward
Forward Time % Phy DF OF
1 Ryan Suzuki 60 1 2 2
2 Waltteri Merela 40 1 2 2
Penalty Kill - 3 Players Defense
Defense Defense Time % Phy DF OF
1 Brad Hunt Victor Soderstrom 60 1 2 2
2 Dawson Barteaux Lucas Johansen 40 1 2 2
4 vs 4 Forward
Center Wing Time % Phy DF OF
1 Waltteri Merela Brad Malone 60 1 2 2
2 Ryan Suzuki Michal Teply 40 1 2 2
4 vs 4 Defense
Defense Defense Time % Phy DF OF
1 Brad Hunt Victor Soderstrom 60 1 2 2
2 Dawson Barteaux Lucas Johansen 40 1 2 2
Last Minutes Offensive
Center Left Wing Right Wing Defense Defense
Cole Koepke Hudson Fasching Waltteri Merela Brad Hunt Victor Soderstrom
Last Minutes Defensive
Center Left Wing Right Wing Defense Defense
Cole Koepke Hudson Fasching Waltteri Merela Brad Hunt Victor Soderstrom
Goaltenders
Starting : Michael Houser
Backup : Farm Goalie 1
Extra Forwards
Normal : Ryan Suzuki, Michal Teply, Waltteri Merela - PP : Ryan Suzuki, Michal Teply - PK : Ryan Suzuki
Extra Defensemen
Normal : Brad Hunt, Alex Green, Dawson Barteaux - PP : Victor Soderstrom - PK : Alex Green, Dawson Barteaux
Penalty Shots
Cole Koepke, Waltteri Merela, Ryan Suzuki, Michal Teply, Brad Malone
Custom OT Lines Forwards
Cole Koepke, Max Sasson, Ryan Suzuki, Hudson Fasching, Brad Malone, Ryder Rolston, Michal Teply, Rhett Gardner, Waltteri Merela, Caedan Bankier
Custom OT Lines Defensemen
Brad Hunt, Victor Soderstrom, Dawson Barteaux, Lucas Johansen, Alex Green
Scratches
Jayden Grubbe (Healthy), Riley Kidney (Healthy), Quinn Schmiemann (Healthy), Justin Addamo (Healthy), Nolan Yaremko (Healthy)
Tanner Kaspick (Healthy)
% Time on Ice - Heat
Lines # - Real PCT - Wanted PCT - Time Play
Normal Forward
1 - 24% - 25% - 9:00
2 - 24% - 25% - 9:06
3 - 24% - 25% - 9:22
4 - 28% - 25% - 10:48
Normal Defense
1 - 34% - 34% - 13:07
2 - 34% - 32% - 13:09
3 - 29% - 30% - 10:56
4 - 3% - 4% - 1:04
PP Forward
1 - 53% - 50% - 4:35
2 - 47% - 50% - 4:00
PP Defense
1 - 52% - 50% - 4:27
2 - 48% - 50% - 4:08
PK Forward
1 - 49% - 50% - 4:33
2 - 51% - 50% - 4:43
PK Defense
1 - 44% - 50% - 4:04
2 - 56% - 50% - 5:12
PK3 Forward
1 - 42% - 50% - 0:48
2 - 58% - 50% - 1:06
PK3 Defense
1 - 33% - 50% - 0:38
2 - 67% - 50% - 1:16
44 Forward
1 - 56% - 50% - 1:07
2 - 44% - 50% - 0:52
44 Defense
1 - 58% - 50% - 1:09
2 - 42% - 50% - 0:50
Last Minute Offensive - 0:00
Last Minute Defensive - 0:00
Total
Forward - 60:00
Defense - 60:00
|
% Time on Ice - Rampage
Lines # - Real PCT - Wanted PCT - Time Play
Normal Forward
1 - 39% - 25% - 14:47
2 - 32% - 25% - 12:15
3 - 28% - 25% - 10:44
4 - 1% - 25% - 0:30
Normal Defense
1 - 18% - 25% - 6:53
2 - 31% - 25% - 11:52
3 - 32% - 25% - 12:10
4 - 19% - 25% - 7:21
PP Forward
1 - 60% - 60% - 6:42
2 - 40% - 40% - 4:28
PP Defense
1 - 57% - 60% - 6:19
2 - 43% - 40% - 4:51
PK Forward
1 - 71% - 60% - 5:26
2 - 29% - 40% - 2:14
PK Defense
1 - 72% - 60% - 5:32
2 - 28% - 40% - 2:08
PK3 Forward
1 - 100% - 60% - 0:55
2 - 0% - 40% - 0:00
PK3 Defense
1 - 100% - 60% - 0:55
2 - 0% - 40% - 0:00
44 Forward
1 - 59% - 60% - 1:10
2 - 41% - 40% - 0:49
44 Defense
1 - 42% - 60% - 0:50
2 - 58% - 40% - 1:09
Last Minute Offensive - 0:00
Last Minute Defensive - 0:00
Total
Forward - 60:00
Defense - 60:00
|
Play-by-Play
1st period
0:01 of 1st period - Jayson Megna wins face-off versus Cole Koepke in neutral zone.
0:30 of 1st period - Minor Penalty to Max Sasson for High sticking.
0:31 of 1st period - Jiri Kulich wins face-off versus Michal Teply in Rampage zone.
1:02 of 1st period - Shot by Mike Reilly.
1:02 of 1st period - Shot Misses the Net.
1:04 of 1st period - Shot by Sam Gagner.
1:04 of 1st period - Shot Misses the Net.
2:35 of 1st period - Cole Koepke is hit by Tanner Laczynski and loses puck.
2:41 of 1st period - Icing by Aaron Ness.
2:42 of 1st period - Andrew Agozzino wins face-off versus Cole Koepke in Rampage zone.
2:49 of 1st period - Shot by John Klingberg.
2:49 of 1st period - Shot Misses the Net.
2:51 of 1st period - Shot by John Klingberg.
2:51 of 1st period - Goal by John Klingberg - Heat : 1 - Rampage : 0.
2:52 of 1st period - Anthony Richard wins face-off versus Rhett Gardner in neutral zone.
2:59 of 1st period - Shot by Angus Crookshank.
2:59 of 1st period - Shot Misses the Net.
3:01 of 1st period - Shot by Marcus Bjork.
3:01 of 1st period - Stopped by Michael Houser without a rebound.
3:02 of 1st period - Andrew Agozzino wins face-off versus Cole Koepke in Rampage zone.
4:05 of 1st period - Hudson Fasching is hit by Ben Gleason and loses puck.
4:40 of 1st period - Shot by Ryder Rolston.
4:40 of 1st period - Shot Misses the Net.
4:43 of 1st period - Icing by Angus Crookshank.
4:44 of 1st period - Rhett Gardner wins face-off versus Tanner Laczynski in Heat zone.
5:13 of 1st period - Shot by Rhett Gardner.
5:13 of 1st period - Deflect By Waltteri Merela.
5:13 of 1st period - Stopped by Ales Stezka without a rebound.
5:14 of 1st period - Jayson Megna wins face-off versus Ryan Suzuki in Heat zone.
5:56 of 1st period - Icing by Brad Hunt.
5:57 of 1st period - Jiri Kulich wins face-off versus Rhett Gardner in Rampage zone.
6:02 of 1st period - Shot by Sam Gagner.
6:02 of 1st period - Stopped by Michael Houser with a rebound.
6:10 of 1st period - Shot by Victor Soderstrom.
6:10 of 1st period - Shot Blocked by Marcus Bjork.
6:12 of 1st period - Shot by Victor Soderstrom.
6:12 of 1st period - Shot Misses the Net.
6:48 of 1st period - Shot by Cole Koepke.
6:48 of 1st period - Deflect By Max Sasson.
6:48 of 1st period - Stopped by Ales Stezka without a rebound.
6:49 of 1st period - Andrew Agozzino wins face-off versus Ryan Suzuki in Heat zone.
7:23 of 1st period - Shot by Max McCormick.
7:23 of 1st period - Goal by Max McCormick - Heat : 2 - Rampage : 0.
7:24 of 1st period - Jayson Megna wins face-off versus Cole Koepke in neutral zone.
7:24 of 1st period - Josh Doan is hit by Cole Koepke and loses puck.
7:34 of 1st period - Minor Penalty to Nathan Walker for Hooking.
7:35 of 1st period - Tanner Laczynski wins face-off versus Waltteri Merela in Heat zone.
7:55 of 1st period - Shot by Brad Hunt.
7:55 of 1st period - Shot Misses the Net.
8:52 of 1st period - Shot by Ryder Rolston.
8:52 of 1st period - Stopped by Ales Stezka without a rebound.
8:53 of 1st period - Waltteri Merela wins face-off versus Tanner Laczynski in Heat zone.
9:43 of 1st period - Icing by Ryder Rolston.
9:44 of 1st period - Jayson Megna wins face-off versus Ryan Suzuki in Rampage zone.
10:29 of 1st period - Shot by Georgi Merkulov.
10:29 of 1st period - Stopped by Michael Houser without a rebound.
10:29 of 1st period - Minor Penalty to Dawson Barteaux for Interference.
10:30 of 1st period - Michal Teply wins face-off versus Jiri Kulich in Rampage zone.
10:30 of 1st period - Michal Teply is hit by Georgi Merkulov.
10:37 of 1st period - Icing by Ryan Johnson.
10:38 of 1st period - Jiri Kulich wins face-off versus Michal Teply in Heat zone.
10:47 of 1st period - Shot by Ryan Johnson.
10:47 of 1st period - Shot Blocked by Brad Hunt.
10:59 of 1st period - Shot by Sam Gagner.
10:59 of 1st period - Stopped by Michael Houser without a rebound.
11:00 of 1st period - Jayson Megna wins face-off versus Michal Teply in Rampage zone.
11:07 of 1st period - Shot by John Klingberg.
11:07 of 1st period - Shot Misses the Net.
11:09 of 1st period - Shot by Josh Doan.
11:09 of 1st period - Stopped by Michael Houser with a rebound.
11:11 of 1st period - Shot by Nathan Walker.
11:11 of 1st period - Stopped by Michael Houser with a rebound.
11:25 of 1st period - Shot by John Klingberg.
11:25 of 1st period - Stopped by Michael Houser with a rebound.
11:27 of 1st period - Shot by Nathan Walker.
11:27 of 1st period - Shot Blocked by Lucas Johansen.
11:29 of 1st period - Shot by Nathan Walker.
11:29 of 1st period - Shot Misses the Net.
11:45 of 1st period - Shot by Ryan Johnson.
11:45 of 1st period - Stopped by Michael Houser without a rebound.
11:46 of 1st period - Caedan Bankier wins face-off versus Jiri Kulich in Rampage zone.
12:14 of 1st period - Shot by Georgi Merkulov.
12:14 of 1st period - Shot Misses the Net.
12:16 of 1st period - Shot by Jiri Kulich.
12:16 of 1st period - Shot Misses the Net.
12:36 of 1st period - Shot by Andrew Agozzino.
12:36 of 1st period - Shot Misses the Net.
13:15 of 1st period - Minor Penalty to Max Sasson for Hooking.
13:15 of 1st period - Minor Penalty to Marcus Bjork for Cross-checking.
13:16 of 1st period - Waltteri Merela wins face-off versus Jayson Megna in Heat zone.
13:56 of 1st period - Icing by Lucas Johansen.
13:57 of 1st period - Sam Gagner wins face-off versus Waltteri Merela in Rampage zone.
14:24 of 1st period - Shot by Joel Hanley.
14:24 of 1st period - Stopped by Michael Houser without a rebound.
14:25 of 1st period - Jayson Megna wins face-off versus Ryan Suzuki in Rampage zone.
14:26 of 1st period - Shot by Josh Doan.
14:26 of 1st period - Shot Blocked by Ryan Suzuki.
14:35 of 1st period - Off-side.
14:36 of 1st period - Jiri Kulich wins face-off versus Ryan Suzuki in neutral zone.
14:55 of 1st period - Icing by Brad Hunt.
14:56 of 1st period - Ryan Suzuki wins face-off versus Jayson Megna in Rampage zone.
15:13 of 1st period - Shot by Michal Teply.
15:13 of 1st period - Stopped by Ales Stezka without a rebound.
15:14 of 1st period - Jiri Kulich wins face-off versus Caedan Bankier in Heat zone.
15:20 of 1st period - John Klingberg is hit by Cole Koepke and loses puck.
15:49 of 1st period - Shot by Angus Crookshank.
15:49 of 1st period - Deflect By Tanner Laczynski.
15:49 of 1st period - Shot Blocked by Max Sasson.
15:51 of 1st period - Shot by Angus Crookshank.
15:51 of 1st period - Stopped by Michael Houser without a rebound.
15:52 of 1st period - Jiri Kulich wins face-off versus Ryan Suzuki in Rampage zone.
16:09 of 1st period - Shot by Ryan Suzuki.
16:09 of 1st period - Shot Misses the Net.
16:11 of 1st period - Shot by Ryder Rolston.
16:11 of 1st period - Deflect By Ryan Suzuki.
16:11 of 1st period - Stopped by Ales Stezka without a rebound.
16:12 of 1st period - Jayson Megna wins face-off versus Rhett Gardner in Heat zone.
16:12 of 1st period - Jayson Megna is hit by Rhett Gardner.
17:17 of 1st period - Shot by Sam Gagner.
17:17 of 1st period - Shot Blocked by Waltteri Merela.
17:37 of 1st period - Jiri Kulich is hit by Michal Teply.
18:12 of 1st period - Icing by Brad Malone.
18:13 of 1st period - Tanner Laczynski wins face-off versus Ryan Suzuki in Rampage zone.
18:13 of 1st period - Minor Penalty to Victor Soderstrom for Tripping.
18:14 of 1st period - Jayson Megna wins face-off versus Ryan Suzuki in Rampage zone.
18:16 of 1st period - Minor Penalty to Alex Green for Hooking.
18:17 of 1st period - Jayson Megna wins face-off versus Ryan Suzuki in Rampage zone.
18:24 of 1st period - Shot by Jayson Megna.
18:24 of 1st period - Shot Misses the Net.
18:26 of 1st period - Shot by Jayson Megna.
18:26 of 1st period - Shot Misses the Net.
19:05 of 1st period - Shot by Mike Reilly.
19:05 of 1st period - Shot Misses the Net.
19:09 of 1st period - Shot by Mike Reilly.
19:09 of 1st period - Shot Misses the Net.
19:11 of 1st period - Shot by Jiri Kulich.
19:11 of 1st period - Goal by Jiri Kulich - Heat : 3 - Rampage : 0.
19:12 of 1st period - Georgi Merkulov wins face-off versus Caedan Bankier in neutral zone.
19:33 of 1st period - Shot by Ryan Johnson.
19:33 of 1st period - Stopped by Michael Houser without a rebound.
19:34 of 1st period - Jayson Megna wins face-off versus Michal Teply in Rampage zone.
19:35 of 1st period - Shot by John Klingberg.
19:35 of 1st period - Shot Misses the Net.
Goals for this period are 3 for Heat vs 0 for Rampage.
Shots for this period are 14 for Heat vs 5 for Rampage.
2nd period
0:01 of 2nd period - Jayson Megna wins face-off versus Michal Teply in neutral zone.
0:03 of 2nd period - Josh Doan is hit by Waltteri Merela and loses puck.
0:21 of 2nd period - Anthony Richard is hit by Aaron Ness and loses puck.
0:33 of 2nd period - Minor Penalty to Alex Green for Delaying the game.
0:34 of 2nd period - Michal Teply wins face-off versus Jiri Kulich in Rampage zone.
0:47 of 2nd period - Shot by John Klingberg.
0:47 of 2nd period - Stopped by Michael Houser without a rebound.
0:48 of 2nd period - Michal Teply wins face-off versus Jayson Megna in Rampage zone.
1:07 of 2nd period - Shot by Jayson Megna.
1:07 of 2nd period - Shot Blocked by Dawson Barteaux.
1:09 of 2nd period - Shot by Ryan Johnson.
1:09 of 2nd period - Goal by Ryan Johnson - Heat : 4 - Rampage : 0.
1:09 of 2nd period - Farm Goalie 1 enters game.
1:10 of 2nd period - Ryan Suzuki wins face-off versus Tanner Laczynski in neutral zone.
1:44 of 2nd period - Icing by Victor Soderstrom.
1:45 of 2nd period - Jiri Kulich wins face-off versus Ryan Suzuki in Rampage zone.
2:03 of 2nd period - Minor Penalty to Georgi Merkulov for Slashing.
2:04 of 2nd period - Waltteri Merela wins face-off versus Andrew Agozzino in Heat zone.
2:31 of 2nd period - Shot by Dawson Barteaux.
2:31 of 2nd period - Stopped by Ales Stezka without a rebound.
2:32 of 2nd period - Tanner Laczynski wins face-off versus Waltteri Merela in Heat zone.
2:42 of 2nd period - Icing by Cole Koepke.
2:43 of 2nd period - Tanner Laczynski wins face-off versus Waltteri Merela in Rampage zone.
2:56 of 2nd period - Shot by Brad Hunt.
2:56 of 2nd period - Stopped by Ales Stezka without a rebound.
2:57 of 2nd period - Ryan Suzuki wins face-off versus Tanner Laczynski in Heat zone.
3:28 of 2nd period - Shot by Dawson Barteaux.
3:28 of 2nd period - Goal by Dawson Barteaux - Heat : 4 - Rampage : 1.
3:29 of 2nd period - Nathan Walker wins face-off versus Cole Koepke in neutral zone.
3:32 of 2nd period - Brad Hunt is hit by Nathan Walker and loses puck.
4:02 of 2nd period - Icing by Brad Hunt.
4:03 of 2nd period - Chris Terry wins face-off versus Cole Koepke in Rampage zone.
4:09 of 2nd period - Minor Penalty to Chris Terry for Tripping.
4:10 of 2nd period - Tanner Laczynski wins face-off versus Ryan Suzuki in Heat zone.
4:31 of 2nd period - Shot by Lucas Johansen.
4:31 of 2nd period - Shot Misses the Net.
4:33 of 2nd period - Shot by Dawson Barteaux.
4:33 of 2nd period - Shot Misses the Net.
4:37 of 2nd period - Shot by Ryder Rolston.
4:37 of 2nd period - Shot Blocked by Joel Hanley.
4:39 of 2nd period - Shot by Brad Malone.
4:39 of 2nd period - Shot Misses the Net.
4:41 of 2nd period - Shot by Ryan Suzuki.
4:41 of 2nd period - Stopped by Ales Stezka without a rebound.
4:42 of 2nd period - Andrew Agozzino wins face-off versus Waltteri Merela in Heat zone.
4:57 of 2nd period - Shot by Josh Doan.
4:57 of 2nd period - Shot Misses the Net.
4:59 of 2nd period - Shot by Ben Gleason.
4:59 of 2nd period - Shot Blocked by Brad Hunt.
5:01 of 2nd period - Shot by Ryan Johnson.
5:01 of 2nd period - Shot Misses the Net.
5:11 of 2nd period - Shot by Josh Doan.
5:11 of 2nd period - Shot Misses the Net.
5:13 of 2nd period - Shot by Josh Doan.
5:13 of 2nd period - Deflect By Andrew Agozzino.
5:13 of 2nd period - Shot Blocked by Victor Soderstrom.
5:31 of 2nd period - Shot by Andrew Agozzino.
5:31 of 2nd period - Stopped by Farm Goalie 1 without a rebound.
5:32 of 2nd period - Tanner Laczynski wins face-off versus Ryan Suzuki in Rampage zone.
5:47 of 2nd period - Shot by Lucas Johansen.
5:47 of 2nd period - Stopped by Ales Stezka with a rebound.
5:49 of 2nd period - Shot by Brad Malone.
5:49 of 2nd period - Shot Blocked by Andrew Agozzino.
5:51 of 2nd period - Shot by Ryan Suzuki.
5:51 of 2nd period - Stopped by Ales Stezka without a rebound.
5:52 of 2nd period - Ryan Suzuki wins face-off versus Andrew Agozzino in Heat zone.
5:53 of 2nd period - Shot by Dawson Barteaux.
5:53 of 2nd period - Goal by Dawson Barteaux - Heat : 4 - Rampage : 2.
5:54 of 2nd period - Jiri Kulich wins face-off versus Cole Koepke in neutral zone.
6:05 of 2nd period - Shot by Jiri Kulich.
6:05 of 2nd period - Shot Misses the Net.
6:07 of 2nd period - Shot by Mike Reilly.
6:07 of 2nd period - Shot Misses the Net.
6:21 of 2nd period - Shot by Georgi Merkulov.
6:21 of 2nd period - Shot Misses the Net.
6:23 of 2nd period - Shot by Georgi Merkulov.
6:23 of 2nd period - Stopped by Farm Goalie 1 without a rebound.
6:24 of 2nd period - Andrew Agozzino wins face-off versus Ryan Suzuki in Rampage zone.
6:47 of 2nd period - Shot by Brad Malone.
6:47 of 2nd period - Shot Blocked by Andrew Agozzino.
6:54 of 2nd period - Ryan Suzuki is hit by Marcus Bjork and loses puck.
7:21 of 2nd period - Michal Teply is hit by Marcus Bjork and loses puck.
7:26 of 2nd period - Shot by Waltteri Merela.
7:26 of 2nd period - Stopped by Ales Stezka without a rebound.
7:27 of 2nd period - Tanner Laczynski wins face-off versus Cole Koepke in Heat zone.
8:36 of 2nd period - Shot by Jayson Megna.
8:36 of 2nd period - Stopped by Farm Goalie 1 with a rebound.
9:06 of 2nd period - Off-side.
9:07 of 2nd period - Ryan Suzuki wins face-off versus Jiri Kulich in neutral zone.
9:31 of 2nd period - Brad Malone is hit by Marcus Bjork.
9:54 of 2nd period - Icing by John Klingberg.
9:55 of 2nd period - Andrew Agozzino wins face-off versus Cole Koepke in Heat zone.
10:00 of 2nd period - Max Sasson is hit by Andrew Agozzino and loses puck.
10:20 of 2nd period - Minor Penalty to Max McCormick for Interference.
10:21 of 2nd period - Tanner Laczynski wins face-off versus Waltteri Merela in Heat zone.
10:34 of 2nd period - Off-side.
10:35 of 2nd period - Ryan Suzuki wins face-off versus Chris Terry in neutral zone.
11:23 of 2nd period - Off-side.
11:24 of 2nd period - Andrew Agozzino wins face-off versus Waltteri Merela in neutral zone.
11:30 of 2nd period - Icing by Brad Hunt.
11:31 of 2nd period - Andrew Agozzino wins face-off versus Waltteri Merela in Rampage zone.
11:31 of 2nd period - Joel Hanley is hit by Victor Soderstrom and loses puck.
11:42 of 2nd period - Shot by Marcus Bjork.
11:42 of 2nd period - Shot Misses the Net.
12:24 of 2nd period - Shot by Ryan Suzuki.
12:24 of 2nd period - Shot Blocked by Jayson Megna.
12:26 of 2nd period - Shot by Brad Malone.
12:26 of 2nd period - Stopped by Ales Stezka without a rebound.
12:27 of 2nd period - Tanner Laczynski wins face-off versus Cole Koepke in Heat zone.
12:46 of 2nd period - Shot by Tanner Laczynski.
12:46 of 2nd period - Stopped by Farm Goalie 1 with a rebound.
12:48 of 2nd period - Shot by John Klingberg.
12:48 of 2nd period - Stopped by Farm Goalie 1 without a rebound.
12:49 of 2nd period - Jayson Megna wins face-off versus Ryan Suzuki in Rampage zone.
13:06 of 2nd period - Shot by Jayson Megna.
13:06 of 2nd period - Stopped by Farm Goalie 1 with a rebound.
13:53 of 2nd period - Shot by Jiri Kulich.
13:53 of 2nd period - Deflect By Sam Gagner.
13:53 of 2nd period - Stopped by Farm Goalie 1 with a rebound.
14:47 of 2nd period - Ryan Johnson is hit by Rhett Gardner and loses puck.
14:53 of 2nd period - Icing by Ryan Johnson.
14:54 of 2nd period - Cole Koepke wins face-off versus Tanner Laczynski in Heat zone.
14:57 of 2nd period - Shot by Max Sasson.
14:57 of 2nd period - Stopped by Ales Stezka without a rebound.
14:58 of 2nd period - Andrew Agozzino wins face-off versus Rhett Gardner in Heat zone.
14:58 of 2nd period - Andrew Agozzino is hit by Waltteri Merela.
15:03 of 2nd period - Mike Reilly is hit by Victor Soderstrom.
15:39 of 2nd period - Icing by Chris Terry.
15:40 of 2nd period - Cole Koepke wins face-off versus Andrew Agozzino in Heat zone.
15:52 of 2nd period - Icing by Mike Reilly.
15:53 of 2nd period - Andrew Agozzino wins face-off versus Cole Koepke in Heat zone.
17:32 of 2nd period - Shot by Ryan Suzuki.
17:32 of 2nd period - Shot Misses the Net.
17:34 of 2nd period - Shot by Ryder Rolston.
17:34 of 2nd period - Stopped by Ales Stezka without a rebound.
17:35 of 2nd period - Tanner Laczynski wins face-off versus Max Sasson in Heat zone.
17:56 of 2nd period - Shot by Cole Koepke.
17:56 of 2nd period - Goal by Cole Koepke - Heat : 4 - Rampage : 3.
17:57 of 2nd period - Brad Malone wins face-off versus Chris Terry in neutral zone.
18:09 of 2nd period - Shot by Max McCormick.
18:09 of 2nd period - Shot Misses the Net.
18:11 of 2nd period - Shot by Andrew Agozzino.
18:11 of 2nd period - Shot Misses the Net.
18:13 of 2nd period - Shot by Max McCormick.
18:13 of 2nd period - Shot Misses the Net.
18:43 of 2nd period - Shot by Waltteri Merela.
18:43 of 2nd period - Shot Misses the Net.
18:45 of 2nd period - Shot by Aaron Ness.
18:45 of 2nd period - Shot Blocked by Ryan Johnson.
18:47 of 2nd period - Shot by Waltteri Merela.
18:47 of 2nd period - Stopped by Ales Stezka without a rebound.
18:48 of 2nd period - Cole Koepke wins face-off versus Tanner Laczynski in Heat zone.
18:50 of 2nd period - Minor Penalty to John Klingberg for Tripping.
18:51 of 2nd period - Tanner Laczynski wins face-off versus Waltteri Merela in Heat zone.
18:57 of 2nd period - Icing by Victor Soderstrom.
18:58 of 2nd period - Tanner Laczynski wins face-off versus Cole Koepke in Rampage zone.
19:12 of 2nd period - Shot by Brad Hunt.
19:12 of 2nd period - Shot Blocked by Marcus Bjork.
19:14 of 2nd period - Shot by Cole Koepke.
19:14 of 2nd period - Shot Blocked by Joel Hanley.
19:58 of 2nd period - Lucas Johansen is hit by Chris Terry and loses puck.
Goals for this period are 1 for Heat vs 3 for Rampage.
Shots for this period are 9 for Heat vs 13 for Rampage.
3rd period
0:01 of 3rd period - Tanner Laczynski wins face-off versus Waltteri Merela in neutral zone.
0:01 of 3rd period - Tanner Laczynski is hit by Cole Koepke.
0:13 of 3rd period - Cole Koepke is hit by Joel Hanley and loses puck.
0:24 of 3rd period - Shot by Cole Koepke.
0:24 of 3rd period - Stopped by Ales Stezka without a rebound.
0:25 of 3rd period - Ryan Suzuki wins face-off versus Angus Crookshank in Heat zone.
0:40 of 3rd period - Ryan Johnson is hit by Brad Malone and loses puck.
0:45 of 3rd period - Shot by Dawson Barteaux.
0:45 of 3rd period - Stopped by Ales Stezka with a rebound.
0:59 of 3rd period - Shot by Max Sasson.
0:59 of 3rd period - Stopped by Ales Stezka without a rebound.
1:00 of 3rd period - Jayson Megna wins face-off versus Rhett Gardner in Heat zone.
1:00 of 3rd period - Jayson Megna is hit by Rhett Gardner.
1:14 of 3rd period - Shot by Josh Doan.
1:14 of 3rd period - Stopped by Farm Goalie 1 without a rebound.
1:15 of 3rd period - Jiri Kulich wins face-off versus Cole Koepke in Rampage zone.
1:20 of 3rd period - Shot by Sam Gagner.
1:20 of 3rd period - Stopped by Farm Goalie 1 with a rebound.
1:46 of 3rd period - Shot by Max Sasson.
1:46 of 3rd period - Stopped by Ales Stezka without a rebound.
1:47 of 3rd period - Tanner Laczynski wins face-off versus Rhett Gardner in Heat zone.
2:21 of 3rd period - Shot by Waltteri Merela.
2:21 of 3rd period - Stopped by Ales Stezka without a rebound.
2:22 of 3rd period - Brad Malone wins face-off versus Jayson Megna in Heat zone.
2:27 of 3rd period - Shot by Ryan Suzuki.
2:27 of 3rd period - Stopped by Ales Stezka without a rebound.
2:28 of 3rd period - Ryan Suzuki wins face-off versus Josh Doan in Heat zone.
2:49 of 3rd period - Shot by Josh Doan.
2:49 of 3rd period - Goal by Josh Doan - Heat : 5 - Rampage : 3.
2:50 of 3rd period - Cole Koepke wins face-off versus Andrew Agozzino in neutral zone.
3:55 of 3rd period - Icing by Mike Reilly.
3:56 of 3rd period - Tanner Laczynski wins face-off versus Rhett Gardner in Heat zone.
4:16 of 3rd period - Shot by Rhett Gardner.
4:16 of 3rd period - Shot Misses the Net.
4:57 of 3rd period - Shot by Ryan Suzuki.
4:57 of 3rd period - Stopped by Ales Stezka with a rebound.
4:59 of 3rd period - Shot by Brad Malone.
4:59 of 3rd period - Stopped by Ales Stezka with a rebound.
5:09 of 3rd period - Alex Green is hit by Georgi Merkulov and loses puck.
5:31 of 3rd period - Icing by Rhett Gardner.
5:32 of 3rd period - Jayson Megna wins face-off versus Rhett Gardner in Rampage zone.
5:33 of 3rd period - Shot by Josh Doan.
5:33 of 3rd period - Shot Misses the Net.
5:37 of 3rd period - Shot by Josh Doan.
5:37 of 3rd period - Stopped by Farm Goalie 1 with a rebound.
5:39 of 3rd period - Shot by Josh Doan.
5:39 of 3rd period - Shot Blocked by Brad Hunt.
5:41 of 3rd period - Shot by Jayson Megna.
5:41 of 3rd period - Shot Misses the Net.
5:45 of 3rd period - Shot by Jayson Megna.
5:45 of 3rd period - Stopped by Farm Goalie 1 without a rebound.
5:46 of 3rd period - Andrew Agozzino wins face-off versus Cole Koepke in Rampage zone.
6:11 of 3rd period - Shot by Andrew Agozzino.
6:11 of 3rd period - Shot Misses the Net.
6:23 of 3rd period - Shot by Chris Terry.
6:23 of 3rd period - Stopped by Farm Goalie 1 with a rebound.
6:36 of 3rd period - Mike Reilly is hit by Brad Hunt and loses puck.
6:42 of 3rd period - Icing by Ryan Suzuki.
6:43 of 3rd period - Jayson Megna wins face-off versus Ryan Suzuki in Rampage zone.
6:43 of 3rd period - Jayson Megna is hit by Brad Hunt.
6:46 of 3rd period - Minor Penalty to Victor Soderstrom for High sticking.
6:47 of 3rd period - Jayson Megna wins face-off versus Michal Teply in Rampage zone.
9:19 of 3rd period - Max McCormick is hit by Max Sasson and loses puck.
9:36 of 3rd period - Shot by Ryan Suzuki.
9:36 of 3rd period - Stopped by Ales Stezka without a rebound.
9:37 of 3rd period - Tanner Laczynski wins face-off versus Waltteri Merela in Heat zone.
10:01 of 3rd period - Shot by Michal Teply.
10:01 of 3rd period - Deflect By Waltteri Merela.
10:01 of 3rd period - Shot Blocked by Angus Crookshank.
10:12 of 3rd period - Icing by Mike Reilly.
10:13 of 3rd period - Tanner Laczynski wins face-off versus Cole Koepke in Heat zone.
10:26 of 3rd period - Shot by Hudson Fasching.
10:26 of 3rd period - Shot Misses the Net.
10:28 of 3rd period - Shot by Hudson Fasching.
10:28 of 3rd period - Shot Misses the Net.
10:32 of 3rd period - Shot by Cole Koepke.
10:32 of 3rd period - Stopped by Ales Stezka with a rebound.
10:34 of 3rd period - Shot by Max Sasson.
10:34 of 3rd period - Stopped by Ales Stezka with a rebound.
10:36 of 3rd period - Shot by Max Sasson.
10:36 of 3rd period - Stopped by Ales Stezka without a rebound.
10:37 of 3rd period - Jiri Kulich wins face-off versus Ryan Suzuki in Heat zone.
10:39 of 3rd period - Icing by John Klingberg.
10:40 of 3rd period - Jiri Kulich wins face-off versus Ryan Suzuki in Heat zone.
10:40 of 3rd period - Jiri Kulich is hit by Brad Malone.
10:45 of 3rd period - Minor Penalty to John Klingberg for Holding.
10:46 of 3rd period - Ryan Suzuki wins face-off versus Andrew Agozzino in Heat zone.
10:49 of 3rd period - Shot by Brad Malone.
10:49 of 3rd period - Shot Misses the Net.
10:50 of 3rd period - Minor Penalty to Ben Gleason for Cross-checking.
10:51 of 3rd period - Cole Koepke wins face-off versus Andrew Agozzino in Heat zone.
10:52 of 3rd period - Shot by Victor Soderstrom.
10:52 of 3rd period - Stopped by Ales Stezka without a rebound.
10:53 of 3rd period - Andrew Agozzino wins face-off versus Waltteri Merela in Heat zone.
11:44 of 3rd period - Mike Reilly is hit by Waltteri Merela and loses puck.
12:11 of 3rd period - Lucas Johansen is hit by Andrew Agozzino.
12:33 of 3rd period - Shot by Ryan Suzuki.
12:33 of 3rd period - Stopped by Ales Stezka without a rebound.
12:34 of 3rd period - Ryan Suzuki wins face-off versus Andrew Agozzino in Heat zone.
12:41 of 3rd period - Shot by Ryder Rolston.
12:41 of 3rd period - Shot Misses the Net.
12:43 of 3rd period - Shot by Dawson Barteaux.
12:43 of 3rd period - Shot Blocked by Ryan Johnson.
13:05 of 3rd period - Shot by Cole Koepke.
13:05 of 3rd period - Shot Misses the Net.
13:07 of 3rd period - Shot by Hudson Fasching.
13:07 of 3rd period - Stopped by Ales Stezka without a rebound.
13:08 of 3rd period - Michal Teply wins face-off versus Jiri Kulich in Heat zone.
13:11 of 3rd period - Shot by Rhett Gardner.
13:11 of 3rd period - Deflect By Waltteri Merela.
13:11 of 3rd period - Shot Blocked by John Klingberg.
14:16 of 3rd period - Icing by Marcus Bjork.
14:17 of 3rd period - Jayson Megna wins face-off versus Cole Koepke in Heat zone.
15:20 of 3rd period - Icing by Joel Hanley.
15:21 of 3rd period - Tanner Laczynski wins face-off versus Ryan Suzuki in Heat zone.
16:12 of 3rd period - Shot by Jiri Kulich.
16:12 of 3rd period - Goal by Jiri Kulich - Heat : 6 - Rampage : 3.
16:13 of 3rd period - Andrew Agozzino wins face-off versus Cole Koepke in neutral zone.
16:19 of 3rd period - Andrew Agozzino is hit by Lucas Johansen and loses puck.
16:27 of 3rd period - Hudson Fasching is hit by Max McCormick and loses puck.
17:05 of 3rd period - Rhett Gardner is hit by John Klingberg and loses puck.
17:12 of 3rd period - Shot by Waltteri Merela.
17:12 of 3rd period - Shot Misses the Net.
17:14 of 3rd period - Shot by Michal Teply.
17:14 of 3rd period - Stopped by Ales Stezka without a rebound.
17:15 of 3rd period - Jayson Megna wins face-off versus Ryan Suzuki in Heat zone.
17:15 of 3rd period - Jayson Megna is hit by Brad Malone.
17:48 of 3rd period - Shot by Brad Malone.
17:48 of 3rd period - Shot Blocked by Marcus Bjork.
17:53 of 3rd period - Ryan Suzuki is hit by Marcus Bjork and loses puck.
18:04 of 3rd period - Shot by Rhett Gardner.
18:04 of 3rd period - Stopped by Ales Stezka without a rebound.
18:05 of 3rd period - Jiri Kulich wins face-off versus Cole Koepke in Heat zone.
18:23 of 3rd period - Shot by Sam Gagner.
18:23 of 3rd period - Shot Misses the Net.
18:25 of 3rd period - Shot by Mike Reilly.
18:25 of 3rd period - Stopped by Farm Goalie 1 with a rebound.
18:27 of 3rd period - Shot by Sam Gagner.
18:27 of 3rd period - Stopped by Farm Goalie 1 without a rebound.
18:28 of 3rd period - Rhett Gardner wins face-off versus Tanner Laczynski in Rampage zone.
18:28 of 3rd period - Rhett Gardner is hit by Angus Crookshank.
18:36 of 3rd period - Shot by Waltteri Merela.
18:36 of 3rd period - Shot Misses the Net.
18:42 of 3rd period - Shot by Rhett Gardner.
18:42 of 3rd period - Stopped by Ales Stezka without a rebound.
18:43 of 3rd period - Andrew Agozzino wins face-off versus Cole Koepke in Heat zone.
18:54 of 3rd period - Shot by Chris Terry.
18:54 of 3rd period - Shot Blocked by Victor Soderstrom.
19:12 of 3rd period - Icing by Chris Terry.
19:13 of 3rd period - Cole Koepke wins face-off versus Andrew Agozzino in Heat zone.
19:26 of 3rd period - Max Sasson is hit by Andrew Agozzino and loses puck.
Goals for this period are 2 for Heat vs 0 for Rampage.
Shots for this period are 9 for Heat vs 18 for Rampage.
Back to the Top